 Seeded DCSS version 0.31-a0-848-gaac375c287 (webtiles) character file.

Game seed: 20231006 (custom seed)

91 Danienth the Sneak (level 4, -1/26 HPs)
             Began as a Kobold Enchanter on Oct 5, 2023.
             Was an Initiate of Dithmenos.
             Slain by a worm (6 damage)
             ... on level 3 of the Dungeon.
             The game lasted 00:10:33 (2171 turns).

Danienth the Sneak (Kobold Enchanter)               Turns: 2171, Time: 00:10:35

Health: -1/26      AC:  9    Str:  7    XL:     4   Next: 87%
Magic:  7/7        EV: 14    Int: 16    God:    Dithmenos [......]
Gold:   95         SH:  5    Dex: 21    Spells: 5/7 levels left

rFire   . . .        n - +2 scimitar (protect)
rCold   . . .        p - +0 buckler
rNeg    . . .        b - +0 robe
rPois   .            (no helmet)
rElec   .            (no cloak)
rCorr   .            (no gloves)
SInv    .            (no boots)
Will    .....        (no amulet)
Stlth   ++++         j - +6 ring of dexterity
HPRegen 0.24/turn    (no ring)
MPRegen 0.10/turn

%: no passive effects
@: under a protective aura
A: small, no large weapons, nightstalker 3
a: Renounce Religion


You were on level 3 of the Dungeon.
You worshipped Dithmenos.
Dithmenos was noncommittal.
You visited 1 branch of the dungeon, and saw 3 of its levels.

You collected 263 gold pieces.
You spent 168 gold pieces at shops.

Inventory:

Hand Weapons
 a - a +1 dagger
 n - a +2 scimitar of protection (weapon)
 o - a +2 dagger of holy wrath
Missiles
 l - 5 poisoned darts (quivered)
Armour
 b - a +0 robe (worn)
 i - an orb of guile
 p - a +0 buckler (worn)
Jewellery
 j - a +6 ring of dexterity (left hand)
Scrolls
 d - 3 scrolls of identify {unknown}
 f - 2 scrolls of revelation {unknown}
 g - a scroll of amnesia {unknown}
 m - a scroll of noise {unknown}
 r - a scroll of poison {unknown}
Potions
 c - 2 potions of invisibility
 e - a potion of attraction {unknown}
 h - a potion of resistance {unknown}
 k - a potion of enlightenment {unknown}
 q - a potion of heal wounds {unknown}


   Skills:
 + Level 1.7 Fighting
 + Level 3.1(3.3) Short Blades
 * Level 0.9(1.5) Long Blades
 + Level 0.0 Armour
 + Level 2.4 Dodging
 * Level 5.4 Stealth
 + Level 0.1 Shields
 - Level 2.1 Spellcasting
 - Level 3.0 Hexes


You had 5 spell levels left.
You knew the following spells:

 Your Spells              Type           Power      Damage    Failure   Level
a - Ensorcelled Hibernat  Hex/Ice        12%        N/A       28%         2

Your spell library contained the following spells:

 Spells                   Type           Power      Damage    Failure   Level
 Confusing Touch          Hex            11%        N/A       30%         3
 Tukima's Dance           Hex            11%        N/A       30%         3
 Sublimation of Blood     Necr           1%         N/A       45%         2
 Dazzling Flash           Conj/Hex       12%        N/A       50%         3
 Dimensional Bullseye     Hex/Tloc       3%         N/A       88%         4
 Iskenderun's Mystic Bla  Conj/Tloc      1%         2d3       98%         4
 Petrify                  Tmut/Erth      1%         N/A       98%         4
 Irradiate                Conj/Tmut      0%         3d11      100%        5


Dungeon Overview and Level Annotations

Branches:
Dungeon (3/15)

Altars:
Dithmenos
Trog

Shops:
D:2 (((

Annotations:
D:3 1 runed translucent door, hgbash's ghost, amateur DsNe


Innate Abilities, Weirdness & Mutations

You are small and have problems with some larger weapons.
You are completely attuned to the shadows.


Message History

Aim: a rat (berserk, about 38% to evade your +2 scimitar of protection)
You hit the rat.
You kill the rat!
Dithmenos accepts your kill.
The moth of wrath goads the rat on!
The rat goes berserk!
The worm bites you but does no damage. You block the rat's attack.
Unknown command.
Hit: n) +2 scimitar (protect)
Press: ? - help, Dir - move target, f - rat
Aim: a rat (berserk, about 38% to evade your +2 scimitar of protection)
You slash the rat!
You kill the rat!
Dithmenos accepts your kill. The worm barely misses you. The worm misses you.
Unknown command.
Hit: n) +2 scimitar (protect)
Press: ? - help, Dir - move target, f - worm
Aim: a worm (moderately wounded, berserk, about 21% to evade your +2 scimitar of protection)
Okay, then.
Unknown command.
Hit: n) +2 scimitar (protect)
Press: ? - help, Dir - move target, f - worm
Aim: a worm (moderately wounded, berserk, about 21% to evade your +2 scimitar of protection)
You slash the worm!
The worm is severely wounded.
The worm barely misses you.
Hit: n) +2 scimitar (protect)
Press: ? - help, Dir - move target, f/p - worm
Aim: a worm (severely wounded, berserk, about 21% to evade your +2 scimitar of protection)
You barely miss the worm.
The worm is severely wounded.
The worm bites you.
* * * LOW HITPOINT WARNING * * *
Hit: n) +2 scimitar (protect)
Press: ? - help, Dir - move target, f/p - worm
Aim: a worm (heavily wounded, berserk, about 21% to evade your +2 scimitar of protection)
You hit the worm.
The worm is severely wounded.
The worm bites you.
You die...

....
........##.###.......#
≈≈≈≈.#######.##.#
#######.# ...≈.# #.##.#
...###.# ##.≈.# #.##.#
.......# .#.≈.# #.#
#####.### .#.≈.#
##.#####... ##.####
.#.≈.######...##..).)
##...#####
.#.≈.........##..†._.
###.#....
...≈.###.....##.@†....
#...... ≈≈.≈.#
#.##..#...w###..
###.### .....#
#.##..#...##y##.. ##.##
####.#
#...†.#....###...
##..†## #.#
####..#..........
##.#.#.#
###.######..##.........
#.......
#...........###.......#
##.#.#.. #.#.######.##
####'#### ###...#.
##.#.# #.####.##.##..
........


You could see a moth of wrath and a worm (berserk).

Vanquished Creatures
  3 adders
  A worm (D:3)
  2 dart slugs (D:2)
  An orc (D:3)
  6 endoplasms
  4 giant cockroaches
  3 goblins
  4 hobgoblins
  2 jackals (D:2)
  3 quokkas
  3 ball pythons (D:1)
  7 bats
  3 frilled lizards
  3 kobolds
  9 rats
54 creatures vanquished.

Notes
Turn   | Place    | Note
-------+----------+-------------------------------------------
     0 | D:1      | Danienth the Kobold Enchanter began the quest for the Orb.
     0 | D:1      | Reached XP level 1. HP: 10/10 MP: 3/3
   269 | D:1      | Reached XP level 2. HP: 16/16 MP: 5/5
   844 | D:2      | Found Cyzopp's Antique Weapon Emporium.
   919 | D:2      | Reached XP level 3. HP: 19/20 MP: 6/6
   965 | D:2      | Reached skill level 1 in Fighting
   986 | D:2      | HP: 1/20 [poisoned by an adder]
  1014 | D:2      | Reached skill level 5 in Stealth
  1034 | D:2      | Found a faded altar of an unknown god.
  1109 | D:2      | Found Naecsusk's Antique Weapon Boutique.
  1121 | D:2      | Found Xaurr's Jewellery Emporium.
  1137 | D:2      | Found Buaxziq's Antique Weapon Shoppe.
  1168 | D:2      | Bought a runed scimitar for 168 gold pieces
  1503 | D:2      | Reached XP level 4. HP: 25/25 MP: 7/7
  1623 | D:3      | Noticed hgbash's ghost (amateur DsNe)
  1629 | D:3      | Found a runed translucent door.
  1750 | D:3      | Learned a level 2 spell: Ensorcelled Hibernation
  2006 | D:3      | Found a shadowy altar of Dithmenos.
  2011 | D:3      | Became a worshipper of Dithmenos the Shadowed
  2151 | D:3      | Noticed a moth of wrath
  2154 | D:3      | Found a bloodstained altar of Trog.
  2171 | D:3      | Slain by a worm

Illustrated notes

Levels and vault maps discovered:
D:1:      dpeg_arrival_simpleton_b, layout_loops_ring
D:2:      minmay_recursive_quarters, layout_basic,
          ebering_ecumenical_altar_sacrificial, serial_shops,
          nicolae_shop_peninsula, shop, nicolae_shop_advertising_works
          [nicolae_subvault_shop_adworks], nicolae_shop_tiny_real_fake_doors
D:3:      layout_loops_ring, tgw_trog, mainiacjoe_overflow_brackets,
          hellmonk_ghost_happy_afterlife, saegor_snake_ambush

Skill      XL: |  1  2  3 |
---------------+----------+-----
Short Blades   | 2 3 |  3.1
Fighting       | 1 |  1.7
Stealth        | 5 |  5.4
Long Blades    | |  0.9
Dodging        | |  2.4
Shields        | |  0.1
Spellcasting   | |  2.1
Hexes          | |  3.0

Action                     |  1- 3 |  4- 6 || total
---------------------------+-------+-------++-------
  Melee: Dagger            |    67 |       ||    67
         Scimitar          |    10 |    43 ||    53
  Throw: Dart              |     2 |       ||     2
    Use: Potion            |     2 |       ||     2
   Stab: Sleeping          |    24 |    12 ||    36
         Invisible         |     2 |       ||     2
         Distracted        |       |     1 ||     1
 Armour: Robe              |    22 |    21 ||    43
  Dodge: Dodged            |    55 |    28 ||    83
  Block: Buckler           |       |    10 ||    10

Table legend: (Time is in decaauts)
 A = Elapsed time spent in this place.
 B = Non-inter-level travel time spent in this place.
 C = Inter-level travel time spent in this place.
 D = Time resting spent in this place.
 E = Time spent auto-exploring this place.
 F = Levels seen in this place.
 G = Mean time per level.
                   A        B        C        D        E       F      G
               +--------+--------+--------+--------+--------+-----+--------+
         Total |   2185 |   2126 |     59 |      0 |   1717 |   3 |  728.3 |
       Dungeon |   2185 |   2126 |     59 |      0 |   1717 |   3 |  728.3 |
               +--------+--------+--------+--------+--------+-----+--------+

Top non-repeatable levels by time:
     D:2: 841 daAuts
     D:1: 737 daAuts
     D:3: 607 daAuts
